Cogmind - Beta 15 @@@ ROGUE MODE // 2025.10.11 @ 10:02:46 Player: Jordan Result: Destroyed by D-53 Grenadier with Mini Grenade Launcher Performance ------------- Evolutions (0) 0 Regions Visited (2) 400 Robots Destroyed (27) 135 Value Destroyed (415) 415 Prototype IDs (0) 0 Alien Tech Used (0) 0 Bonus (25) 25 TOTAL SCORE: 975 Bonus ------- Follower Combat Kills 25 Cogmind --------- Core Integrity 0/250 Matter 281/300 Energy 250/250 System Corruption 0% Temperature Cool (0) Movement Core (200) Ox3 Location -10/Mines Parts ------- > --- POWER (1) -------- Ion Engine > --- PROPULSION (2) --- (None) > --- UTILITY (2) ------ Small Storage Unit Structural Scanner > --- WEAPON (2) ------- (None) > --- INVENTORY (8) ---- Improved Terrain Scanner Reflective Plating Reflective Plating Hardlight Generator Beam Cannon Heavy Particle Cannon Light Cannon Peak State ------------ > --- POWER ------------ Ion Engine > --- PROPULSION ------- Light Treads Light Treads > --- UTILITY ---------- Small Storage Unit Structural Scanner > --- WEAPON ----------- Heavy Assault Cannon > --- INVENTORY -------- Improved Terrain Scanner Reflective Plating Reflective Plating Hardlight Generator Beam Cannon Heavy Particle Cannon Light Cannon [Rating: 12] Favorites ----------- Power Ion Engine Engine Ion Engine Propulsion Light Treads Treads Light Treads Utility Small Storage Unit Device Structural Scanner Storage Small Storage Unit Processor Signal Interpreter Weapon Assault Rifle Energy Cannon Beam Cannon Ballistic Gun Assault Rifle Ballistic Cannon Light Cannon Build | -11 -10 -10 ------- Run | Yrd Mat Min Slots Evolved . | . . . Power . | . . . Propulsion . | . . . Utility . | . . . Weapon . | . . . Parts Attached 15 | 9 4 2 Power 3 | 2 . 1 Engine 3 | 2 . 1 Core . | . . . Reactor . | . . . Propulsion 2 | 2 . . Treads 2 | 2 . . Leg . | . . . Wheel . | . . . Hover . | . . . Flight . | . . . Utility 5 | 3 2 . Device 3 | 2 1 . Storage 1 | 1 . . Processor 1 | . 1 . Hackware . | . . . Protection . | . . . Artifact . | . . . Weapon 5 | 2 2 1 Energy Gun . | . . . Energy Cannon 1 | . 1 . Ballistic Gun 2 | 2 . . Ballistic Cannon 2 | . 1 1 Launcher . | . . . Special Weapon . | . . . Impact Weapon . | . . . Slashing Weapon . | . . . Piercing Weapon . | . . . Special Melee Weapon . | . . . Unidentified Prototypes . | . . . Parts Lost 4 | . . 4 Power 1 | . . 1 Propulsion 2 | . . 2 Utility . | . . . Weapon 1 | . . 1 Highest Loss Streak 3 | . . 3 To Critical Strikes . | . . . Average Backups 2 | . 2 5 Power . | . . . Propulsion . | . . . Utility 1 | . 1 2 Weapon 1 | . 1 2 Tool/Special . | . . . Unused Backups 4 | . . 4 Power . | . . . Propulsion . | . . . Utility 3 | . . 3 Weapon 1 | . . 1 Tool/Special . | . . . Average Slot Usage (%) 86 | . 98 78 Engine 7 | . 14 2 Treads 27 | . 28 27 Device 15 | . 17 14 Storage 5 | . 2 7 Processor 6 | . 6 6 Energy Cannon 7 | . 9 5 Ballistic Gun 2 | . 5 1 Ballistic Cannon 12 | . 12 12 Peak Build Rating 12 | 9 9 12 Average Rating 8 | 7 7 8 On Entrance 5 | . 9 7 Naked Turns . | . . . Heaviest Build 23 | 15 16 23 Greatest Support 40 | 40 40 40 Greatest Overweight (x) 3 | . . 3 Average Overweight (x) . | . . . Largest Inventory Capacity 8 | 8 8 8 Average Capacity 6 | 7 5 6 Most Carried 7 | 1 4 7 Average Carried 2 | . 2 5 Final Capacity 8 | 8 5 8 Final Carried 7 | . 4 7 Class Distribution -------------------- 100% | Mutant Dominant Class ---------------- Mutant | -10/Materials Mutant | -10/Mines Resources | -11 -10 -10 ----------- Run | Yrd Mat Min Matter Collected 733 | 464 136 133 Remotely . | . . . Salvage Created 830 | 323 403 104 Parts 60 | 31 25 4 Haulers Intercepted . | . . . Recyclers Shooed 1 | . 1 . Parts Field Recycled . | . . . Retrieved Matter . | . . . Parts Self-Destructed . | . . . Prevented . | . . . Kills | -11 -10 -10 ------- Run | Yrd Mat Min Combat Hostiles Destroyed 10 | . 8 2 Cannons 9 | . 8 1 Classes Destroyed 7 | 3 4 . Worker 5 | 4 . 1 Tunneler 7 | 7 . . Recycler 3 | 1 2 . Mechanic 1 | . 1 . Watcher 1 | . 1 . Swarmer 3 | . 3 . Grunt 7 | . 5 2 Best Kill Streak 3 | 3 3 2 Combat Bots Only 3 | . 3 2 Max Kills in Single Turn 1 | 1 1 1 Gunslinging . | . . . Exploded . | . . . Melee . | . . . Uniques/NPCs Destroyed . | . . . Combat | -11 -10 -10 -------- Run | Yrd Mat Min Hostile Shots Fired 80 | . 28 52 Missed 15 | . 6 9 Hits 65 | . 22 43 Projectile 65 | . 22 43 AOE 14 | . . 14 Damage Taken 1168 | . 247 921 Core 269 | . 52 217 Absorbed by Shields . | . . . Core Remaining (%) 100 | 100 . . Volleys Fired 75 | 29 24 22 Largest 2 | 2 2 2 Hottest 90 | 40 90 90 Shots Fired 140 | 58 48 34 Gun 68 | 58 . 10 Cannon 72 | . 48 24 Launcher . | . . . Special . | . . . Kinetic 104 | 58 24 22 Thermal 36 | . 24 12 Explosive . | . . . Electromagnetic . | . . . Robot Hit Streak 6 | 6 6 6 Robot Miss Streak 5 | 2 3 5 Penetration Max . | . . . Secondary Targets . | . . . Shots Hit Robots 78 | 37 25 16 Core Hits 30 | 13 13 4 Critical Kills 1 | . . 1 Critical Parts Destroyed . | . . . Critical Strikes 2 | . 1 1 Meltdown 1 | . . 1 Blast 1 | . 1 . Melee Attacks . | . . . Impact . | . . . Slashing . | . . . Piercing . | . . . Sneak Attacks . | . . . Combat Hostiles . | . . . Follow-up Attacks . | . . . Damage Inflicted 1266 | 464 477 325 Guns 564 | 464 . 100 Cannons 702 | . 477 225 Explosions . | . . . Melee . | . . . Ramming . | . . . Kinetic 935 | 464 234 237 Thermal 331 | . 243 88 Explosive . | . . . Electromagnetic . | . . . Impact . | . . . Slashing . | . . . Piercing . | . . . Highest Corruption . | . . . Average Corruption . | . . . Corruption Purged . | . . . Corruption Blocked . | . . . Overload Shots . | . . . Overflow Damage . | . . . Projectiles . | . . . Explosions . | . . . Melee . | . . . Knockbacks 2 | . 1 1 Impact . | . . . Kinetic 2 | . 1 1 Secondary . | . . . Self-Inflicted Damage . | . . . Shots . | . . . Rammed . | . . . Targets Rammed . | . . . Kicked . | . . . Crushed . | . . . Highest Temperature 234 | . 180 234 Average Temperature 91 | . 63 137 Received Heat Transfer 366 | . 105 261 Effects 5 | . . 5 Interference 5 | . . 5 Siege Activations . | . . . Martial Activations . | . . . Shielding Activations . | . . . Robots Disrupted . | . . . Combat Hostiles . | . . . Robots Corrupted . | . . . Combat Hostiles . | . . . Parts Fried . | . . . Impact Corruptions . | . . . Robots Melted 1 | . . 1 Combat Hostiles 1 | . . 1 Parts Melted 1 | . . 1 Heat Transferred 703 | . 518 185 Parts Sabotaged . | . . . Parts Stolen . | . . . Parts Stripped . | . . . Power Chain Reactions . | . . . Alert | -11 -10 -10 ------- Run | Yrd Mat Min Maximum Alert Level . | . . . Low Security (%) 100 | 100 100 100 Level 1 . | . . . Level 2 . | . . . Level 3 . | . . . Level 4 . | . . . Level 5 . | . . . High Security . | . . . Max Security . | . . . Peak Influence 172 | 10 172 78 Initial 58 | . . 58 Average 21 | . 62 18 Influence Increases 423 | 60 272 91 Destroy 0b10 Robot/C 220 | . 160 60 Destroy 0b10 Robot/NC 85 | 60 20 5 Destroy Leader 52 | . 32 20 Allied During Kill 2 | . . 2 Disable Machine 30 | . 30 . Destroy Structure 4 | . . 4 Partial Spotted 15 | . 15 . Lose Combat Pursuer 15 | . 15 . Influence Decreases 423 | 60 120 243 Entered New Map 94 | . . 94 Time Decay 318 | 60 120 138 Lost Part 10 | . . 10 Lost Ally 1 | . . 1 Squads Dispatched 4 | . 3 1 Investigation 2 | . 1 1 Extermination . | . . . Reinforcement 2 | . 2 . Assault . | . . . Garrison . | . . . Intercept . | . . . Searches Triggered . | . . . Construction Impeded . | . . . Haulers Reinforced . | . . . Active Scanning Responses . | . . . Cargo Convoy Interrupts . | . . . Stealth | -11 -10 -10 --------- Run | Yrd Mat Min Distress Signals . | . . . Communications Jammed . | . . . Distress Signals . | . . . Times Spotted 22 | . 17 5 Peak Tracking Total 4 | . 4 2 Tactical Retreats 1 | . 1 . Traps | -11 -10 -10 ------- Run | Yrd Mat Min Traps Triggered 1 | . 1 . Indirectly . | . . . Trap Hack Attempts . | . . . Triggered . | . . . Disarmed . | . . . Reprogrammed . | . . . Reused . | . . . Traps Extracted . | . . . Installed . | . . . Triggered . | . . . Machines | -11 -10 -10 ---------- Run | Yrd Mat Min Machines Disabled 2 | . 2 . Max in Single Turn 1 | . 1 . Machines Repaired . | . . . Machines Dismantled . | . . . Machines Sabotaged . | . . . Overloaded Fab Kills . | . . . Hacking | -11 -10 -10 --------- Run | Yrd Mat Min Machines Accessed 2 | . 1 1 Terminals 1 | . 1 . Fabricators . | . . . Repair Stations . | . . . Recycling Units . | . . . Scanalyzers . | . . . Garrison Access . | . . . Total Hacks 4 | . 3 1 Successful 2 | . 1 1 Failed 2 | . 2 . Catastrophic . | . . . Database Lockouts . | . . . Manual . | . . . Terminals 3 | . 3 . Fabricators . | . . . Repair Stations . | . . . Recycling Units . | . . . Scanalyzers . | . . . Garrison Access . | . . . Terminal Hacks 2 | . 1 1 Open Door 1 | . . 1 Emergency Access Points 1 | . 1 . Fabricator Hacks . | . . . Repair Station Hacks . | . . . Recycling Unit Hacks . | . . . Scanalyzer . | . . . Garrison Access Hacks . | . . . Unauthorized Hacks . | . . . Terminals . | . . . Fabricators . | . . . Repair Stations . | . . . Recycling Units . | . . . Scanalyzers . | . . . Garrison Access . | . . . Data Cores Recovered . | . . . Used . | . . . Hacking Detections 1 | . 1 . Full Trace Events . | . . . Feedback Events . | . . . Feedback Blocked . | . . . Robot Schematics Acquired . | . . . Robots Built . | . . . Authchips . | . . . Time . | . . . Total Robot Build Rating . | . . . Part Schematics Acquired . | . . . Parts Built . | . . . Authchips . | . . . Time . | . . . Total Part Build Rating . | . . . Parts Repaired . | . . . Time . | . . . Parts Recycled . | . . . Recycled Matter . | . . . Retrieved Matter . | . . . Retrieved Components . | . . . Parts Scanalyzed . | . . . Part Schematics Acquired . | . . . Parts Damaged . | . . . Bothacking | -11 -10 -10 ------------ Run | Yrd Mat Min Used RIF Installer . | . . . Robots Hacked . | . . . Non-combat . | . . . Combat . | . . . Robot Hacks Applied . | . . . Relay Couplers Released . | . . . Fabnet Peak Effective % . | . . . Robots Rewired . | . . . Allies Hacked . | . . . Hacks Repelled . | . . . Allies | -11 -10 -10 -------- Run | Yrd Mat Min Total Allies 1 | . . 1 Largest Group 1 | . . 1 Highest-Rated Group 31 | . . 31 Highest-Rated Ally 31 | . . 31 Total Orders . | . . . Ally Attacks 3 | . . 3 Total Damage 44 | . . 44 Kills 1 | . . 1 Allies Corrupted . | . . . Allies Melted . | . . . Intel | -11 -10 -10 ------- Run | Yrd Mat Min Active Infowar (turns) 1454 | 568 369 517 Terrain 614 | 447 167 . Structural 819 | . 302 517 Seismic 121 | 121 . . Robot Analysis Total . | . . . Derelict Logs Recovered 2 | . . 2 Drone Launches . | . . . Drone Recoveries . | . . . Exploration | -11 -10 -10 ------------- Run | Yrd Mat Min Turns Passed 1555 | 669 369 517 Spaces Moved 625 | 177 173 275 Core 10 | 8 . 2 Treads 615 | 169 173 273 Legs . | . . . Wheels . | . . . Hover . | . . . Flight . | . . . Fastest Speed 50 | 50 160 160 Average Speed 158 | 155 160 160 Slowest Speed 240 | 160 160 240 Overloaded Moves . | . . . Propulsion Burnouts . | . . . Robots Hopped . | . . . Potential Cave-ins . | . . . Cave-ins Triggered . | . . . Exploration Rate (%) 27 | 6 23 54 Regions Visited 2 Branch Regions 1 Pre-discovered Areas 1 | . . 1 Known Exits Taken 1 | . 1 . Unknown Exits Taken 1 | 1 . . Scrap Searched 1 | . . 1 Spaces Dug . | . . . Terrain Destroyed 6 | . . 6 Melee . | . . . Projectile 6 | . . 6 AOE . | . . . Terrain Rammed . | . . . Walls Destroyed . | . . . Machines Disabled . | . . . Actions | -11 -10 -10 --------- Run | Yrd Mat Min Total 1045 | 511 217 317 Wait 306 | 293 13 . Move 623 | 176 172 275 Hop . | . . . Pick Up 4 | . . 4 Fast Attach 15 | 9 4 2 Attach 5 | . . 5 Detach 13 | 2 4 7 Swap . | . . . Drop 4 | 2 . 2 Fire 75 | 29 24 22 Melee . | . . . Ram . | . . . Kick . | . . . Crush . | . . . Escape Stasis . | . . . Rewire . | . . . Trap . | . . . Miscellaneous . | . . . Route ------- -11/Scrapyard -10/Materials -10/Mines (discovered 1 exit: [*Sub]) History --------- Turn | Location | Event 53 | -11/Scrapyard | Discovered new exit (range 15) 670 | -11/Scrapyard | Entered Materials 671 | -10/Materials | Build established: Mutant 1015 | -10/Materials | Discovered new exit (range 13) 1037 | -10/Materials | Identified exit to Mines 1039 | -10/Materials | Entered Mines 1060 | -10/Mines | Core integrity fell below 50% 1157 | -10/Mines | Learned location of Zion (-7) 1193 | -10/Mines | Learned 2 Materials zone layouts 1254 | -10/Mines | Met a Derelict shopkeep closing up shop 1320 | -10/Mines | Received a Mining Laser from a helpful Derelict 1431 | -10/Mines | Discovered new exit (range 9) 1491 | -10/Mines | Assembled infested the area 1496 | -10/Mines | Assisted by a Guerilla fighting off Assembled 1542 | -10/Mines | Core integrity fell below 20% 1556 | -10/Mines | Destroyed by D-53 Grenadier with Mini Grenade Launcher Last Messages --------------- 01435_ K-01 Serf collects debris. 01491_ ALERT: Infestation in the mines, dispatching Demolisher response squad. 01496_ A derelict emerges from the shadows: "You need to get out of here! I've been tracking a group of Assembled to figure out where they're coming from, and they're closing on this area, come on!" 01509_ Searching scrap... 01509_ Found Ion Engine. 01509_ Found Propulsion Shielding. 01509_ Found Lrg. Battery. 01509_ Found 42 Matter. 01512_ Acquired Ion Engine. 01541_ Lgt. Treads destroyed. 01541_ Plasma Injector explodes. 01542_ CE-M84(g) destroyed. 01544_ Slug penetrates Earth. 01547_ The unstable cave ceiling collapses. 01548_ D-53 Grenadier knocked back. 01549_ Hvy. Assault Cannon destroyed. 01550_ D-53 Grenadier destroyed. 01552_ Lgt. Treads destroyed. 01554_ The unstable cave ceiling collapses. Map ----- +----------------------------------------------------+ | ?## ##### = ##### ## ###?? | | ### ##### ##### ##?? | | ## ##### ######## ##?? | | ## ##### ######### ###?? | | ## ##### ####????## ####?? | | ## #### ###?????### ### #######??? | | ### #### ####?????###### #### ######???? | | #### ###### #####??????########### ###??????? | | ?############# #####?????????#####?## ####?????? | | ??######???### ##??????############# ######### | | ????????????## ##?????############## #### ## | | ????????????## ###????#### | | ????????????## ###???#### # | | ?????????##### ##?###### ######## ## | | ??####??###### ######## ######### #### | | ?########## ##### # ####??######## ##### | | ?###<##### #####;# #####?############?? | | ?## # ########???#####??? | | ?## ## ## #######?????????? | | ?## ## # ###?????????? | | ?## # ##### % ###????????? | | ?######## ##### #*[% d ##????????? | | ?####### #### = ### ###????????? | | ??????## ### ##########????????? | | ??????### # #######?????????? | | ??????### ########## # @ ###?????????????? | | ???????## ############ ;##?????????????? | | ??????### ##????????## ;##? ##?????????? | | ?????#### ###???????##; ### ##?????????? | | ????#### ########??##; ;## ##?????????? | | ????### #######?###; ###?????????? | | ????## ##?###;;;; ;; ###?????????? | | ????## ##### ##### #### ## ###????????? | | ????## ##### ##### #### ## ###???????? | | ????### ###?## """" #### ## ##???????? | | ????########?######## """" ##? ###????? | | ?????#####???######## """" #### ##? ##????? | | ???????????????????## ####%##?? #????? | | ???????????????????############!##?? ?????? | | ???????????????????############!##??? ?????? | | ????????????????????????????? ???? ??????? | | ????????????????????????????? ####???????????????? | | ????????????????????????????? ####???????????????? | | ?????????????????????????????????????????????????? | | ?????????????????????????????????????????????????? | | ?????????????????????????????????????????????????? | | ?????????????????????????????????????????????????? | | ?????????????????????????????????????????????????? | | ?????????????????????????????????????????????????? | | ?????????????????????????????????????????????????? | +----------------------------------------------------+ Best States ------------- Heat Dissipation 25 Energy Generation 10 Energy Capacity 250 Matter Stores 300 Matter Capacity 300 Sight Range 16 Terrain Scan Range 16 Terrain Scan Density 10 Evasion (%) 40 Recoil Reduction 2 Item Schematics ----------------- None Robot Schematics ------------------ None Fabricated ------------ Nothing Repaired ---------- Nothing Alien Tech Used ----------------- None Achievements -------------- None Challenges ------------ None Game ------ Seed LightAbsorptionBuckler Manual? 0 Play Time 00:17:46 Cumulative 5.3 hours Start 2025.10.11 @ 08:51:00 End 2025.10.11 @ 10:02:46 Sessions 3 Manual Loads 0 Difficulty Rogue Special Mode None Game No. 7 Rogue 7 Adventurer 0 Explorer 0 Win Type - Total 0 Types 0/0/0/0/0/0/0/0/0/0 Lore% 4 Gallery% 6 Achievement% 8 Wizard Run 0 Options --------- Layout 1 ASCII 0 Keyboard 1 Movement Arrows Keybinds 0 Fullscreen 1 Font 32/SmallcapsGlow Map View 130x35 Zoom Use 0% Tactical HUD 1 Map Filters NONE Filters NONE Steam 1 RUN: 6ab339e3-0132-410f-9049-c695d71258a6